 Dungeon Crawl Stone Soup version 0.28-a0-628-g3c9886e45e (webtiles) character file.

Game seed: 11435602375319753279

2859 CryptKilla the Cleaver (level 9, -1/81 HPs)
             Began as a Minotaur Berserker on Oct 8, 2021.
             Was a Priest of Trog.
             Slain by a boulder beetle (47 damage)
             ... on level 7 of the Dungeon.
             The game lasted 00:20:13 (9496 turns).

CryptKilla the Cleaver (Minotaur Berserker)         Turns: 9496, Time: 00:20:14

Health: -1/81      AC:  9    Str: 23    XL:     9   Next: 47%
Magic:  8/8        EV: 12    Int:  4    God:    Trog [***...]
Gold:   300        SH:  0    Dex: 12    Spells: 8/8 levels left

rFire   . . .      SeeInvis .   e - +0 battleaxe (flame)
rCold   + . .      Faith    .   (shield currently unavailable)
rNeg    . . .      Spirit   .   g - +0 scale mail
rPois   .          Reflect  .   (helmet restricted)
rElec   .          Harm     .   (no cloak)
rCorr   .          Rampage  .   (no gloves)
Will    ++...                   l - +0 pair of boots
Stlth   ..........              (no amulet)
HPRegen 1.23/turn               o - ring of protection from cold
MPRegen 0.11/turn               (no ring)

@: strong-willed, on berserk cooldown, regenerating, slowed, very slow
A: horns 2, retaliatory headbutt
a: Renounce Religion, Berserk, Trog's Hand


You were on level 7 of the Dungeon.
You worshipped Trog.
Trog was most pleased with you.
You visited 1 branch of the dungeon, and saw 7 of its levels.

You collected 300 gold pieces.

Inventory:

Hand Weapons
 a - a +0 hand axe
 e - a +0 battleaxe of flaming (weapon)
 s - a +0 falchion of holy wrath
 x - a +0 scythe
 A - a +0 great sword
Missiles
 d - 2 boomerangs (quivered)
Armour
 b - a +0 animal skin
 g - a +0 scale mail (worn)
 k - a +0 kite shield
 l - a +0 pair of boots (worn)
 y - a +0 helmet
Magical Staves
 m - a staff of fire
Jewellery
 o - a ring of protection from cold (left hand)
Wands
 p - a wand of acid (12)
 u - a wand of flame (19)
 w - a wand of iceblast (4)
Scrolls
 c - 2 scrolls of teleportation {unknown}
 f - 3 scrolls of noise {unknown}
 h - a scroll of enchant armour {unknown}
 i - 2 scrolls of identify {unknown}
 q - a scroll of silence {unknown}
 v - a scroll of enchant weapon {unknown}
 z - 2 scrolls of magic mapping {unknown}
Potions
 j - a potion of might {unknown}
 n - 3 potions of curing {unknown}
 r - a potion of degeneration {unknown}
 t - a potion of invisibility {unknown}


   Skills:
 + Level 8.0 Fighting
 + Level 2.3 Long Blades
 + Level 10.5 Axes
 + Level 0.3 Throwing
 + Level 7.9 Armour
 + Level 4.9 Dodging
 + Level 1.9 Stealth


You had 8 spell levels left.
You didn't know any spells.
Your spell library was empty.

Dungeon Overview and Level Annotations

Branches:
Dungeon (7/15)             Temple (0/1) D:6

Altars:
Ashenzari
Elyvilon
Nemelex Xobeh
Qazlal
Trog


Innate Abilities, Weirdness & Mutations

You have a pair of horns on your head.
You reflexively headbutt those who attack you in melee.


Message History

You hit the boulder beetle but do no damage.
The boulder beetle completely misses you.
You furiously retaliate!
You headbutt the boulder beetle, but do no damage.
The boulder beetle stops rolling and uncurls.
The boulder beetle bites you!
Things that are here:
a +0 dagger; a +0 leather armour You hit the boulder beetle.
You burn the boulder beetle.
The boulder beetle is lightly wounded.
The boulder beetle bites you!!
You slash the boulder beetle! You burn the boulder beetle.
The boulder beetle is moderately wounded.
You hit the boulder beetle but do no damage.
The boulder beetle is moderately wounded.
The boulder beetle bites you!!
You slice the boulder beetle!! You burn the boulder beetle.
The boulder beetle is heavily wounded.
The boulder beetle misses you.
You slash the boulder beetle! You burn the boulder beetle.
The boulder beetle is severely wounded.
The boulder beetle leaps!
You feel a strong urge to attack something.
The boulder beetle curls into a ball and begins rolling!
You are no longer berserk.
You are exhausted.
You feel yourself slow down.
Things that are here:
a +0 dagger; a +0 leather armour Your skin crawls.
You feel strong-willed.
Throw: 2 boomerangs
Press: ? - help, Q - select action, (/) - cycle Shift-Dir - straight line, f - boulder beetle
Aim: a boulder beetle (severely wounded, rolling, 90% to hit)
You throw a boomerang.
The boomerang hits the boulder beetle but does no damage.
The boulder beetle is severely wounded.
The boulder beetle hits you!!!
Ouch! That really hurt!
You die...

#.......$... ....^.
#.....>..°.. ......
##...........
......####..##<..o....
......#.##..#..°##....
........##..##.## D..
.......#......## #
##.##..........(#
#......@B°°°......
##.).....#....#...
##.....###..##.##
#....## #..# # .......
...# ###...# ...#
..... ### ..#...
#####.


You could see a boulder beetle (rolling).

Vanquished Creatures
  A hornet (D:4)
  Grinder (D:6)
  Sigmund (D:5)
  Eustachio (D:6)
  A water moccasin (D:5)
  An ice beast (D:6)
  A sky beast (D:6)
  5 black bears
  A necrophage (D:6)
  2 ogres (D:5)
  A centaur (D:5)
  A bullfrog (D:6)
  4 scorpions
  A wyvern skeleton (D:6)
  A centaur zombie (D:6)
  A hound (D:6)
  3 jellies
  An orc priest (D:3)
  2 bullfrog skeletons (D:6)
  6 orc wizards
  5 iguanas
  A killer bee zombie (D:6)
  4 hound skeletons
  3 gnolls (D:5)
  7 adders
  A shadow imp (D:6)
  A white imp (D:6)
  A worm (D:4)
  2 dart slugs (D:4)
  21 orcs
  2 endoplasms (D:4)
  A goblin (D:2)
  4 hobgoblins
  9 jackals
  5 quokkas
  9 ball pythons
  7 bats
  2 frilled lizards
  8 kobolds
  6 rats
135 creatures vanquished.

Vanquished Creatures (others)
  3 plants (D:5)
3 creatures vanquished.

Grand Total: 138 creatures vanquished

Notes
Turn   | Place    | Note
-------+----------+-------------------------------------------
     0 | D:1      | CryptKilla the Minotaur Berserker began the quest for the
                  | Orb.
     0 | D:1      | Reached XP level 1. HP: 19/19 MP: 0/0
   394 | D:1      | Reached XP level 2. HP: 22/27 MP: 1/1
  1439 | D:1      | Reached skill level 4 in Axes
  2112 | D:2      | Reached ** piety under Trog
  2114 | D:2      | Reached XP level 3. HP: 31/34 MP: 2/2
  2594 | D:2      | Found a faded altar of an unknown god.
  2844 | D:3      | Found a broken altar of Ashenzari.
  3285 | D:3      | Reached XP level 4. HP: 41/41 MP: 3/3
  3931 | D:3      | You fall into a shaft and drop 1 floor!
  4151 | D:4      | Reached skill level 5 in Axes
  4351 | D:4      | Noticed a scorpion
  4356 | D:4      | Killed a scorpion
  4357 | D:4      | Reached XP level 5. HP: 26/47 MP: 4/4
  5086 | D:4      | Reached skill level 1 in Stealth
  5088 | D:4      | Reached skill level 5 in Fighting
  5088 | D:4      | Reached XP level 6. HP: 55/56 MP: 5/5
  5339 | D:4      | Found a white marble altar of Elyvilon.
  5723 | D:4      | Noticed a hornet
  5734 | D:4      | Killed a hornet
  5734 | D:4      | Reached *** piety under Trog
  5735 | D:4      | Reached skill level 6 in Axes
  5735 | D:4      | Reached XP level 7. HP: 40/61 MP: 6/6
  6396 | D:5      | Entered Level 5 of the Dungeon
  6530 | D:5      | Reached skill level 7 in Axes
  6530 | D:5      | Reached skill level 5 in Armour
  7054 | D:5      | Reached XP level 8. HP: 63/71 MP: 7/7
  7185 | D:5      | Found a stormy altar of Qazlal.
  7223 | D:5      | Reached skill level 8 in Axes
  7570 | D:5      | Noticed Sigmund
  7580 | D:5      | Killed Sigmund
  7581 | D:5      | Reached skill level 9 in Axes
  8061 | D:6      | Found a bloodstained altar of Trog.
  8460 | D:6      | Noticed Grinder
  8467 | D:6      | Killed Grinder
  8558 | D:6      | Reached XP level 9. HP: 79/79 MP: 8/8
  8605 | D:6      | Reached skill level 10 in Axes
  8748 | D:6      | Reached skill level 1 in Long Blades
  9081 | D:6      | Found a staircase to the Ecumenical Temple.
  9100 | D:6      | Reached **** piety under Trog
  9112 | D:6      | Found a sparkling altar of Nemelex Xobeh.
  9175 | D:6      | Noticed Eustachio
  9209 | D:6      | Killed Eustachio
  9465 | D:7      | Noticed a boulder beetle
  9496 | D:7      | Slain by a boulder beetle

Illustrated notes

Levels and vault maps discovered:
D:1:      dpeg_arrival_short_road, layout_basic
D:2:      layout_basic, shapermc_ecumenical_altar_totnotflames
D:3:      layout_basic, overflow_temple_1_default
D:4:      minmay_wonky_spiral, layout_loops_corners,
          mainiacjoe_overflow_alcove_1
D:5:      minmay_chambers_of_fours, layout_loops_ring,
          mainiacjoe_overflow_catwalk, serial_bayou, serial_bayou_ford_a,
          serial_bayou_pond_d, serial_bayou_pond_d, serial_bayou_pond_b,
          serial_bayou_pond_d, uniq_sigmund
D:6:      minmay_recursive_quarters, layout_basic,
          nemelex_xobeh_ov_fountains_minmay, overflow_temple_1_default,
          minmay_temple_entry_slanted, uniq_grinder, uniq_eustachio
D:7:      layout_cave_pools, lightli_church_of_beogh

Skill      XL: |  1  2  3  4  5  6  7  8  9 |
---------------+----------------------------+-----
Fighting       | 4 5 6 7 8 |  8.0
Axes           | 4 5 6 7 9 10 | 10.5
Armour         | 3 4 5 7 |  7.9
Dodging        | 3 4 |  4.9
Stealth        | 1 |  1.9
Long Blades    | 2 |  2.3
Throwing       | |  0.3

Action                   |  1- 3 |  4- 6 |  7- 9 || total
-------------------------+-------+-------+-------++-------
Melee: Hand axe          |    14 |       |       ||    14
       Battleaxe         |    56 |    88 |   125 ||   269
       Headbutt          |    11 |    13 |    29 ||    53
       Great sword       |       |       |    18 ||    18
Throw: Boomerang         |     4 |     1 |     1 ||     6
Invok: Berserk           |     2 |     3 |    10 ||    15
       Trog's Hand       |       |     3 |     5 ||     8
Armor: Animal skin       |    17 |       |       ||    17
       Scale mail        |    17 |    67 |    95 ||   179
Dodge: Dodged            |    80 |    44 |   137 ||   261

Table legend: (Time is in decaauts)
 A = Elapsed time spent in this place.
 B = Non-inter-level travel time spent in this place.
 C = Inter-level travel time spent in this place.
 D = Time resting spent in this place.
 E = Time spent auto-exploring this place.
 F = Levels seen in this place.
 G = Mean time per level.
                   A        B        C        D        E       F      G
               +--------+--------+--------+--------+--------+-----+--------+
         Total |   9748 |   9635 |    113 |   3450 |   3898 |   7 | 1392.6 |
       Dungeon |   9748 |   9635 |    113 |   3450 |   3898 |   7 | 1392.6 |
               +--------+--------+--------+--------+--------+-----+--------+

Top non-repeatable levels by time:
     D:4: 2530 daAuts
     D:1: 2018 daAuts
     D:5: 1736 daAuts
     D:6: 1463 daAuts
     D:3: 1129 daAuts
     D:2: 841 daAuts
     D:7: 29 daAuts
